 Dungeon Crawl Stone Soup version 0.28.0 (webtiles) character file.

Game seed: 9983431805896906079

1463 browni3141 the Fighter (level 8, -1/74 HPs)
             Began as a Minotaur Berserker on Feb 16, 2022.
             Was a Priest of Trog.
             Killed from afar by an orc wizard (5 damage)
             ... with a magic dart
             ... on level 7 of the Dungeon.
             The game lasted 00:03:14 (7465 turns).

browni3141 the Fighter (Minotaur Berserker)         Turns: 7465, Time: 00:03:15

Health: -1/74      AC:  6    Str: 25    XL:     8   Next: 48%
Magic:  16/16      EV: 12    Int:  4    God:    Trog [***...]
Gold:   303        SH:  0    Dex: 17    Spells: 7/7 levels left

rFire   . . .      SeeInvis .   a - +0 hand axe
rCold   . . .      Faith    .   (no shield)
rNeg    . . .      Spirit   .   t - +2 leather armour "Teaclaci" {rPois Str+2}
rPois   +          Reflect  .   (helmet restricted)
rElec   .          Harm     .   (no cloak)
rCorr   .          Rampage  .   (no gloves)
Will    ++...                   (no boots)
Stlth   +.........              (no amulet)
HPRegen 1.22/turn               g - ring of magical power
MPRegen 0.15/turn               k - +6 ring of dexterity

@: strong-willed, regenerating
A: horns 2, retaliatory headbutt
a: Renounce Religion, Berserk, Trog's Hand


You were on level 7 of the Dungeon.
You worshipped Trog.
Trog was most pleased with you.
You visited 1 branch of the dungeon, and saw 7 of its levels.

You collected 303 gold pieces.

Inventory:

Hand Weapons
 a - a +0 hand axe (weapon)
Missiles
 h - a throwing net (quivered)
Armour
 b - a +0 animal skin
 f - a +0 chain mail
 t - the +2 leather armour "Teaclaci" (worn) {rPois Str+2}
   (You found it on level 4 of the Dungeon)

   Str:       It affects your strength (+2).
   rPois:     It protects you from poison.
Jewellery
 g - a ring of magical power (left hand)
 k - a +6 ring of dexterity (right hand)
 u - an amulet of regeneration
Wands
 l - a wand of flame (16)
Scrolls
 c - 8 scrolls of identify {unknown}
 j - 2 scrolls of magic mapping {unknown}
 o - a scroll of amnesia {unknown}
 p - a scroll of teleportation {unknown}
 r - a scroll of enchant weapon {unknown}
 v - 2 scrolls of vulnerability {unknown}
 w - a scroll of fog {unknown}
Potions
 d - a potion of cancellation {unknown}
 e - 4 potions of curing {unknown}
 i - 3 potions of haste {unknown}
 m - a potion of might {unknown}
 n - a potion of brilliance {unknown}
 q - a potion of lignification {unknown}
 s - a potion of heal wounds {unknown}
 x - a potion of berserk rage {unknown}


   Skills:
 + Level 8.2 Fighting
 + Level 8.1 Axes
 + Level 7.6 Armour
 - Level 2.1 Dodging


You had 7 spell levels left.
You didn't know any spells.
Your spell library was empty.

Dungeon Overview and Level Annotations

Branches:
Dungeon (7/15)             Temple (0/1) D:4

Altars:

Shops:
D:2 ((:*   D:4 =   D:6 :   D:7 [*


Innate Abilities, Weirdness & Mutations

You have a pair of horns on your head.
You reflexively headbutt those who attack you in melee.


Message History

The orc priest invokes the aid of Beogh against you.
Pain shoots through your body! Something hits you but does no damage.
The wyvern zombie bites you but does no damage.
There are monsters nearby!
There are monsters nearby!
You hit the orc priest.
The orc priest is almost dead.
You hit something but do no damage.
You hit the wyvern zombie but do no damage.
You feel sick. The orc priest barely misses you. The wyvern zombie bites you!
* * * LOW HITPOINT WARNING * * *
You hear some strange, mumbled words.
You are confused.
You are too injured to fight recklessly!
There are monsters nearby!
There are monsters nearby!
You are too injured to fight recklessly!
Unknown command.
You are too confused!
Unknown command.
You feel sick.
You feel sick.
You are no longer poisoned.
A water moccasin comes into view.
The orc priest calls down the wrath of Beogh upon you.
You struggle to resist.
You hear some strange, mumbled words.
A puff of flame appears from out of thin air!
The puff of flame hits you!
* * * LOW HITPOINT WARNING * * *
You feel less confused.
The orc priest looks encouraged for a moment.
Your skin crawls.
You feel strong-willed. The wyvern zombie bites you!
* * * LOW HITPOINT WARNING * * *
You hear some strange, mumbled words.
A magic dart appears from out of thin air!
The magic dart hits you.
You die...

......#......#
......#......#
......#......#
#######......#
.............#
..........[..#######
...................#
...................# ...
..............[.@..# ....
................{Z.#####.S..
.##########+#...o.o.......≈.
.#.....# #............≈≈.
.#.....# #............≈≈∩
.#.....# #........)S..≈≈≈
.#.....# #........)....≈≈
.#'##.## #.....#..#'##...
....######+###..#...#....


You could see a water moccasin (wandering), an orc priest, an orc and a wyvern
zombie.

Vanquished Creatures
  3 ice beasts
  A sky beast (D:7)
  An ogre (D:4)
  2 bullfrogs
  A scorpion (D:6)
  3 water moccasin zombies
  An electric eel (D:6)
  5 hounds
  An orc priest (D:5)
  Natasha (thrice) (D:2)
  3 orc wizards
  A scorpion zombie (D:5)
  2 hound skeletons
  5 adders
  4 gnolls (D:3)
  A howler monkey skeleton (D:3)
  2 white imps
  An ufetubus (D:4)
  A worm (D:2)
  3 dart slugs
  19 orcs
  5 ball pythons
  6 bats
  6 endoplasms
  5 giant cockroaches
  9 goblins
  5 hobgoblins
  12 jackals
  6 kobolds
  4 quokkas
  2 frilled lizards (D:2)
  3 rats
126 creatures vanquished.

Vanquished Creatures (others)
  A white imp (D:6)
  23 plants
24 creatures vanquished.

Grand Total: 150 creatures vanquished

Notes
Turn   | Place    | Note
-------+----------+-------------------------------------------
     0 | D:1      | browni3141 the Minotaur Berserker began the quest for the
                  | Orb.
     0 | D:1      | Reached XP level 1. HP: 19/19 MP: 0/0
   225 | D:1      | Reached XP level 2. HP: 27/27 MP: 1/1
   946 | D:1      | Reached ** piety under Trog
   947 | D:1      | Reached XP level 3. HP: 22/33 MP: 2/2
  1082 | D:1      | Found a faded altar of an unknown god.
  1403 | D:2      | Found Poh Lile's General Store.
  1501 | D:2      | Found Acath's Book Shoppe.
  1541 | D:2      | Noticed Natasha
  1547 | D:2      | Killed Natasha
  1548 | D:2      | Reached XP level 4. HP: 26/41 MP: 3/3
  1888 | D:2      | Found Cufun's Antique Weapon Emporium.
  1888 | D:2      | Noticed Natasha
  1903 | D:2      | Killed Natasha
  2085 | D:2      | Reached XP level 5. HP: 41/47 MP: 4/4
  2149 | D:2      | Found Funwaug's Antique Weapon Shoppe.
  2163 | D:2      | Noticed Natasha
  2178 | D:2      | Killed Natasha
  2179 | D:2      | Reached skill level 5 in Fighting
  2179 | D:2      | Reached skill level 5 in Axes
  2892 | D:3      | Reached *** piety under Trog
  3099 | D:3      | Reached XP level 6. HP: 42/56 MP: 5/5
  3680 | D:4      | Reached skill level 5 in Armour
  4073 | D:4      | Found Ving's Jewellery Emporium.
  4300 | D:4      | Noticed an ice beast
  4308 | D:4      | Killed an ice beast
  4309 | D:4      | Reached XP level 7. HP: 60/64 MP: 6/6
  4480 | D:4      | Identified the +2 leather armour "Teaclaci" {rPois Str+2}
  4646 | D:4      | Found a staircase to the Ecumenical Temple.
  4859 | D:5      | Entered Level 5 of the Dungeon
  5712 | D:6      | Found Xoettol's Book Boutique.
  5792 | D:6      | Reached XP level 8. HP: 26/73 MP: 7/7
  7027 | D:7      | Found Dili Kay's Armour Boutique.
  7448 | D:7      | Found Arali's Assorted Antiques.
  7465 | D:7      | Killed from afar by an orc wizard

Illustrated notes

Levels and vault maps discovered:
D:1:      nicolae_arrival_washed_ashore, layout_loops_corners,
          ebering_ecumenical_altar_mist, corexii_corridor_pit
D:2:      layout_basic, serial_shops, nicolae_shop_competitors_out_of_business,
          shop, shop_statue, nicolae_shop_crystal, uniq_natasha
D:3:      layout_basic, nicolae_grassy_gnolls
D:4:      layout_cave_pools, minmay_temple_entry_glassed_door, serial_shops,
          nicolae_stop_n_shop_1, kennysheep_cross_room
D:5:      layout_gridville, minmay_liquid_box
D:6:      layout_basic, serial_shops, nicolae_stop_n_shop_1,
          serial_bayou_pond_b, grunt_decor_cap
D:7:      layout_gridville, serial_shops, kennysheep_mini, shop, shop,
          nicolae_shop_waterfront, kennysheep_mini_moat, hex_medium,
          grunt_ministairs_2

Skill      XL: |  1  2  3  4  5  6  7  8 |
---------------+-------------------------+-----
Axes           | 4 5 6 7 8 |  8.1
Armour         | 3 4 5 6 7 |  7.6
Fighting       | 4 5 6 7 8 |  8.2
Dodging        | |  2.1

Action                   |  1- 3 |  4- 6 |  7- 9 || total
-------------------------+-------+-------+-------++-------
Melee: Hand axe          |    61 |   132 |   136 ||   329
       Headbutt          |     6 |    17 |    31 ||    54
       Punch             |       |     3 |     4 ||     7
Invok: Berserk           |       |     5 |     1 ||     6
       Trog's Hand       |       |     1 |     1 ||     2
Armor: Animal skin       |    11 |     6 |       ||    17
       Chain mail        |       |    55 |     1 ||    56
       Leather armour    |       |       |    42 ||    42
Dodge: Dodged            |    37 |    57 |    65 ||   159
